 Dungeon Crawl Stone Soup version 0.29-a0-997-gf6f7e2dfe7 (webtiles) character file.

Game seed: 6208362525829522957

8 vurker the Shooter (level 2, 23/23 HPs)
             Began as a Barachi Hunter on Aug 4, 2022.
             Was a Follower of Elyvilon.
             Quit the game on level 1 of the Dungeon.
             The game lasted 00:00:40 (111 turns).

vurker the Shooter (Barachi Hunter)                  Turns: 111, Time: 00:00:41

Health: 23/23      AC:  3    Str: 12    XL:     2   Next: 8%
Magic:  2/2        EV: 12    Int:  9    God:    Elyvilon [*.....]
Gold:   7          SH:  0    Dex: 15    Spells: 1/1 levels left

rFire   . . .      SeeInvis .   a - +0 shortbow
rCold   . . .      Faith    .   (shield currently unavailable)
rNeg    . . .      Spirit   .   c - +0 leather armour
rPois   .          Reflect  .   (no helmet)
rElec   .          Harm     .   (no cloak)
rCorr   .          Rampage  .   (no gloves)
Will    .....                   (no boots)
Stlth   +.........              (no amulet)
HPRegen 0.07/turn               (no ring)
MPRegen 0.08/turn               (no ring)

@: slow
A: amphibious, slowness 1, strong legs 1, +LOS
a: Hop, Renounce Religion, Purification


You were on level 1 of the Dungeon.
You worshipped Elyvilon.
Elyvilon was aware of your devotion.
You visited 1 branch of the dungeon, and saw 1 of its levels.

You collected 7 gold pieces.

Inventory:

Hand Weapons
 a - a +0 shortbow (weapon)
Armour
 c - a +0 leather armour (worn)
Scrolls
 b - a scroll of immolation
 d - a scroll of blinking {unknown}


   Skills:
 + Level 2.7 Fighting
 * Level 4.3 Ranged Weapons
 - Level 2.1 Dodging
 - Level 0.8 Stealth


You had one spell level left.
You didn't know any spells.
Your spell library was empty.

Dungeon Overview and Level Annotations

Branches:
Dungeon (1/15)

Altars:
Elyvilon


Innate Abilities, Weirdness & Mutations

You are amphibious.
You cover ground slowly.
You can hop short distances.
You have an extended range of vision and can be seen from far away.


Message History

You shoot an arrow. The arrow hits the rat!
You kill the rat!
An endoplasm comes into view.
You shoot an arrow. The arrow hits the endoplasm!
You kill the endoplasm!
Found a robe.
No target in view!
You see here a rat corpse.
Found a leather armour.
No target in view!
A dart slug and a frilled lizard come into view.
You shoot an arrow. The arrow hits the frilled lizard.
You kill the frilled lizard!
A dart slug is nearby!
You shoot an arrow. The arrow hits the dart slug!
You kill the dart slug!
You have reached level 2!
Found a stone staircase leading down.
Key pressed, stopping explore.
No target in view!
A hobgoblin comes into view.
The hobgoblin shouts!
You shoot an arrow. The arrow hits the hobgoblin.
You kill the hobgoblin!
Found a scroll labelled ICVEOFFIUNATH.
No target in view!
Found a spear.
No target in view!
d - a scroll labelled ICVEOFFIUNATH No target in view!
You open the door.
Found a faded altar of an unknown god.
No target in view!
There is an open door here.
Found an escape hatch in the floor.
No target in view!
Found 7 gold pieces.
No target in view!
Found a whip.
Found 18 gold pieces.
No target in view!
No target in view!
You now have 7 gold pieces.
There is an open door here.
There is a faded altar of an unknown god here.
You cannot tell which god this altar belongs to.
Convert to them anyway?
Elyvilon accepts your prayer! Elyvilon welcomes you!
You can now purify yourself.
There are no items here. ........ ..#..... .. ........ ##.#... ... ........ .... .... ........####.# ..... .............###.....# ###############.....#.# #PPPP

##....#.####..#.
#.PP.P###.....#..##.....
+PPPPPP@......'....####
#PP.PP###...PP#....#...#
#P..P ##....#....#.8.#
##### ######....#...#
#...## ##.#.##...###+##
#....# #..#......+.....
##.#.#####.#.......#.....
#...........###...#.....
#.##.....#.## #...#.....


There were no monsters in sight!

Vanquished Creatures
  A dart slug (D:1)
  An endoplasm (D:1)
  A goblin (D:1)
  A hobgoblin (D:1)
  A frilled lizard (D:1)
  A rat (D:1)
6 creatures vanquished.

Notes
Turn   | Place    | Note
-------+----------+-------------------------------------------
     0 | D:1      | vurker the Barachi Hunter began the quest for the Orb.
     0 | D:1      | Reached XP level 1. HP: 17/17 MP: 1/1
    30 | D:1      | Reached XP level 2. HP: 23/23 MP: 2/2
    82 | D:1      | Found a faded altar of an unknown god.
   110 | D:1      | Prayed at the altar of an unknown god.
   110 | D:1      | Became a worshipper of Elyvilon the Healer
   110 | D:1      | Reached * piety under Elyvilon
   111 | D:1      | Quit the game

Illustrated notes

Levels and vault maps discovered:
D:1:      minmay_arrival_stair_chambers, layout_rooms,
          shapermc_ecumenical_altar_flowoftime

Action                   || total
-------------------------++-------
 Fire: Shortbow          ||     6

Table legend: (Time is in decaauts)
 A = Elapsed time spent in this place.
 B = Non-inter-level travel time spent in this place.
 C = Inter-level travel time spent in this place.
 D = Time resting spent in this place.
 E = Time spent auto-exploring this place.
 F = Levels seen in this place.
 G = Mean time per level.
                   A        B        C        D        E       F      G
               +--------+--------+--------+--------+--------+-----+--------+
         Total |    132 |    132 |      0 |      0 |     85 |   1 |  132.0 |
       Dungeon |    132 |    132 |      0 |      0 |     85 |   1 |  132.0 |
               +--------+--------+--------+--------+--------+-----+--------+

Top non-repeatable levels by time:
     D:1: 132 daAuts
